 Dungeon Crawl Stone Soup version 0.26-a0-712-ga5a9c9c9d0 (webtiles) character file.

Game seed: 288272292922961808

6301 kae the Martial Artist (level 10, -4/68 HPs)
             Began as an Octopode Transmuter on Nov 6, 2020.
             Was a Priest of Hepliaklqana.
             Slain by a gargoyle
             ... wielding a +0 mace
              (12 damage)
             ... on level 10 of the Dungeon.
             The game lasted 00:10:09 (16405 turns).

kae the Martial Artist (Octopode Transmuter)       Turns: 16405, Time: 00:10:10

Health: -4/68      AC:  1    Str: 12      XL:     10   Next: 95%
Magic:  9/14       EV: 16    Int: 13      God:    Hepliaklqana [***...]
Gold:   732        SH:  0    Dex: 13 (14) Spells: 2/15 levels left

rFire    . . .     SeeInvis .     - Unarmed
rCold    . . .     Faith    .   (shield currently unavailable)
rNeg     . . .     Spirit   .   (helmet restricted)
rPois    .         Reflect  .   (no amulet)
rElec    .         Harm     .   (no ring)
rCorr    .         Rampage  .   (no ring)
MR       .....                  (no ring)
Stlth    ++........             (no ring)
HPRegen  0.21/turn              (no ring)
MPRegen  0.14/turn              (no ring)
                                (no ring)
                                (no ring)

@: blade tentacles, drained
A: almost no armour, stealthy swim, amphibious, 8 rings, constrict 8, reduced
essence, camouflage 1, dopey 1, robust 1, gelatinous body 1
a: End Transformation, Recall Ancestor, Ancestor Identity, Transference,
Renounce Religion


You were on level 10 of the Dungeon.
You worshipped Hepliaklqana.
Hepliaklqana was most pleased with you.
You had blades for tentacles.
You visited 2 branches of the dungeon, and saw 11 of its levels.

You collected 732 gold pieces.

Inventory:

Wands
 g - a wand of disintegration (44)
 l - a wand of polymorph (8)
 q - a wand of acid (7)
 s - a wand of paralysis (9)
Scrolls
 a - 9 scrolls of remove curse
 b - 4 scrolls of identify
 i - a scroll of enchant armour
 m - 4 scrolls of teleportation
 n - a scroll of enchant weapon
 o - a scroll of immolation {unknown}
 p - 3 scrolls of amnesia
 t - a scroll of random uselessness {unknown}
Potions
 c - 3 potions of heal wounds
 d - 2 potions of berserk rage
 e - 2 potions of curing
 f - 3 potions of haste
 h - 3 potions of stabbing
 j - a potion of brilliance
 k - a potion of ambrosia
 r - a potion of flight


   Skills:
 + Level 6.2(5.5) Fighting
 + Level 6.6(5.9) Dodging
 * Level 9.5(8.7) Unarmed Combat
 - Level 3.0(2.3) Spellcasting
 * Level 9.3(8.5) Transmutations
 - Level 3.0(2.3) Ice Magic
 - Level 2.0(1.3) Poison Magic


You had 2 spell levels left.
You knew the following spells:

 Your Spells              Type           Power        Failure   Level
a - Beastly Appendage     Tmut           ###...       13%         1
b - Spider Form           Tmut/Pois      ##........   45%         3
c - Blade Hands           Tmut           ###.......   63%         5
d - Ice Form              Ice/Tmut       ###.....     69%         4

Your spell library contained the following spells:

 Spells                   Type           Power        Failure   Level
 Wereblood                Tmut           ###.....     16%         2
 Passwall                 Tmut/Erth      ##......     36%         2
 Sandblast                Erth           #.....       69%         1
 Petrify                  Tmut/Erth      ##......     80%         4
 Stone Arrow              Conj/Erth      #.....       91%         3
 Lee's Rapid Deconstruct  Erth           #.........   100%        5


Dungeon Overview and Level Annotations

Branches:
Dungeon (10/15)            Temple (1/1) D:4            Lair (0/6) D:8
    Orc: D:9-12

Altars:
Ashenzari
Cheibriados
Dithmenos
Elyvilon
Fedhas
Gozag
Hepliaklqana
Kikubaaqudgha
Makhleb
Nemelex Xobeh
Okawaru
Qazlal
Ru
Sif Muna
Trog
Uskayaw
Vehumet
Wu Jian
Xom
Yredelemnul
Zin
The Shining One

Shops:
D:5 }


Innate Abilities, Weirdness & Mutations

You cannot wear most types of armour.
You are very stealthy in the water. (Stealth+)
You are amphibious.
You can wear up to eight rings at the same time.
You can use your tentacles to constrict eight enemies at once.
Your skin changes colour to match your surroundings (Stealth+).
Your rubbery body absorbs attacks. (AC +1, EV +1)
Your life essence is reduced to manifest your ancestor. (-10% HP)
You are dopey. (Int -2)
You are robust. (+10% HP)


Message History

The gargoyle easily resists.
You hit the gargoyle. Your grab misses the gargoyle.
The gargoyle is lightly damaged.
The gargoyle hits you with a +0 mace!!
* * * LOW HITPOINT WARNING * * *
You slash the gargoyle! You grab the gargoyle.
You squeeze the gargoyle, but do no damage.
The gargoyle is heavily damaged.
You constrict the gargoyle, but do no damage.
You slash the gargoyle! You slash the gargoyle.
The gargoyle is almost destroyed.
You constrict the gargoyle, but do no damage.
The gargoyle barely misses you.
Melek casts a spell at the gargoyle.
The gargoyle easily resists.
You hit the gargoyle but do no damage.
The gargoyle is almost destroyed.
You constrict the gargoyle, but do no damage.
The gargoyle hits you with a +0 mace!
You die...

#..###..........#
#...#...........#
#.............#
###............
##.......#....
#...#####.....
###.# #R####
#@9..# ####.# #


You could see the friendly Melek the hexer and a gargoyle.

Vanquished Creatures
  A troll (D:8)
  6 yaks (D:9)
  Menkaure (D:5)
  Grum (D:9)
  Edmund (D:5)
  An ice beast (D:10)
  An orc warrior (D:7)
  A black bear (D:10)
  2 phantoms
  3 ogres
  2 wolves (D:9)
  3 centaurs
  A gnoll sergeant (D:5)
  5 killer bees (D:9)
  2 scorpions
  10 wights
  A howler monkey (D:5)
  A bullfrog zombie (D:5)
  4 hounds
  A quasit (D:8)
  4 orc priests
  6 orc wizards
  2 bullfrog skeletons
  8 worker ants
  Ijyb (D:5)
  A hexer (D:9)
  3 iguanas
  Natasha (thrice) (D:4)
  9 gnolls
  10 adders
  A shadow imp (D:6)
  2 white imps
  An ufetubus (D:8)
  2 oozes
  An adder skeleton (D:4)
  A worm (D:3)
  4 dart slugs
  3 leopard geckos
  25 orcs
  8 giant cockroaches
  2 goblins
  12 hobgoblins
  4 kobolds
  4 quokkas
  2 ball pythons (D:1)
  3 bats
  4 frilled lizards
  2 giant cockroach zombies (D:5)
  A jackal skeleton (D:7)
  A leopard gecko skeleton (D:8)
  A quokka skeleton (D:5)
  6 rats
185 creatures vanquished.

Vanquished Creatures (collateral kills)
  A centaur warrior (D:8)
  A soldier ant (D:9)
  2 ice beasts (D:6)
  A phantom (D:4)
  An orc warrior (D:6)
  A wolf (D:9)
  An ogre (D:8)
  2 scorpions (D:8)
  A killer bee (D:9)
  A howler monkey (D:4)
  A wight (D:8)
  3 jellies
  2 quasits
  2 worker ants
  A gnoll (D:8)
  An adder (D:9)
  A shadow imp (D:8)
  7 orcs
30 creatures vanquished.

Vanquished Creatures (others)
  2 hexers
2 creatures vanquished.

Grand Total: 217 creatures vanquished

Notes
Turn   | Place    | Note
-------+----------+-------------------------------------------
     0 | D:1      | kae the Octopode Transmuter began the quest for the Orb.
     0 | D:1      | Reached XP level 1. HP: 13/13 MP: 3/3
   191 | D:1      | Reached XP level 2. HP: 18/18 MP: 5/5
  1301 | D:2      | Reached XP level 3. HP: 17/23 MP: 4/6
  1527 | D:2      | Learned a level 3 spell: Spider Form
  2415 | D:3      | Reached XP level 4. HP: 21/28 MP: 5/7
  2882 | D:3      | Reached XP level 5. HP: 26/34 MP: 5/8
  4210 | D:4      | Found a staircase to the Ecumenical Temple.
  4210 | D:4      | Noticed a phantom
  4232 | D:4      | Reached XP level 6. HP: 35/39 MP: 5/10
  4237 | Temple   | Entered the Ecumenical Temple
  4744 | Temple   | Became a worshipper of Hepliaklqana the Forgotten
  5061 | D:4      | Killed a phantom
  5177 | D:4      | Noticed a phantom
  5187 | D:4      | Killed a phantom
  5187 | D:4      | Reached XP level 7. HP: 40/40 MP: 8/11
  5268 | D:4      | Reached skill level 5 in Unarmed Combat
  5527 | D:4      | Noticed Natasha
  5540 | D:4      | Killed Natasha
  5757 | D:4      | Reached skill level 5 in Transmutations
  6175 | D:4      | Noticed Natasha
  6184 | D:4      | Killed Natasha
  6332 | D:4      | Noticed Natasha
  6473 | D:4      | Found a staircase to the Ecumenical Temple.
  6492 | D:4      | Killed Natasha
  6886 | D:5      | Entered Level 5 of the Dungeon
  7010 | D:5      | Reached XP level 8. HP: 34/46 MP: 12/12
  7110 | D:5      | Found Rezomoxt's Gadget Boutique.
  7216 | D:5      | Reached skill level 1 in Poison Magic
  7479 | D:5      | Noticed Ijyb
  7964 | D:5      | Noticed Edmund
  7985 | D:5      | Killed Edmund
  8252 | D:5      | Killed Ijyb
  8934 | D:5      | Reached * piety under Hepliaklqana
  9136 | D:5      | Noticed Menkaure
  9145 | D:5      | Killed Menkaure
  9427 | D:6      | Learned a level 5 spell: Blade Hands
  9432 | D:6      | Learned a level 4 spell: Ice Form
  9563 | D:6      | Reached XP level 9. HP: 52/52 MP: 9/13
  9688 | D:6      | Reached skill level 1 in Ice Magic
 10137 | D:6      | Reached skill level 5 in Dodging
 10672 | D:7      | Found a broken altar of Ashenzari.
 11653 | D:8      | Found a staircase to the Lair.
 11656 | D:8      | Reached ** piety under Hepliaklqana
 11658 | D:8      | Remembered your ancestor Melek as a hexer
 11825 | D:8      | Noticed a troll
 11835 | D:8      | Killed a troll
 11835 | D:8      | Reached skill level 5 in Fighting
 11995 | D:8      | Noticed a centaur warrior
 12009 | D:8      | Killed a centaur warrior
 12009 | D:8      | Reached XP level 10. HP: 32/59 MP: 14/14
 13002 | D:9      | Gained mutation: You are weak. (Str -2) [potion of
                  | mutation]
 13002 | D:9      | Gained mutation: You are dopey. (Int -2) [potion of
                  | mutation]
 13002 | D:9      | Lost mutation: You are weak. (Str -2) [potion of mutation]
 13002 | D:9      | Gained mutation: You are robust. (+10% HP) [potion of
                  | mutation]
 13481 | D:9      | Found a broken altar of Ashenzari.
 13482 | D:9      | Reached *** piety under Hepliaklqana
 13942 | D:9      | Noticed Grum
 14604 | D:9      | Found an opulent altar of Gozag.
 14908 | D:9      | Killed Grum
 15017 | D:9      | Found a broken altar of Ashenzari.
 15076 | D:9      | Found an opulent altar of Gozag.
 15869 | D:10     | Entered Level 10 of the Dungeon
 16397 | D:10     | Noticed a gargoyle
 16405 | D:10     | Slain by a gargoyle

Illustrated notes

Levels and vault maps discovered:
D:1:      dpeg_arrival_tiny_g, layout_basic
D:2:      layout_loops_cross, st_stairs_6
D:3:      layout_loops_cross
D:4:      layout_loops_ring, minmay_temple_entry_slanted, uniq_natasha
D:5:      layout_loops_cross, serial_shops, shop_fountains, minmay_starry_boxes,
          uniq_ijyb, uniq_menkaure, uniq_edmund
D:6:      layout_basic
D:7:      layout_gridville, nicolae_ashenzari_panopticon
D:8:      layout_gridville, lair_entry_dummy, kb_rosetta
D:9:      layout_layer_cave, nicolae_gozag_cash_rules_everything_around_me,
          basic_altar, uniq_grum
D:10:     layout_rooms, kennysheep_nub
Temple:   regret_index_temple_sigil_plot

Skill      XL: |  1  2  3  4  5  6  7  8  9 10 |
---------------+-------------------------------+-----
Transmutations | 3 4 5 6 8 9 |  9.3
Fighting       | 2 3 4 5 6 |  6.2
Unarmed Combat | 4 5 6 8 9 |  9.5
Dodging        | 3 4 5 6 |  6.6
Spellcasting   | 3 |  3.0
Poison Magic   | 2 |  2.0
Ice Magic      | 3 |  3.0

Action                   |  1- 3 |  4- 6 |  7- 9 | 10-12 || total
-------------------------+-------+-------+-------+-------++-------
Melee: Unarmed           |    71 |   114 |   334 |   141 ||   660
       Constrict         |    18 |    18 |    16 |    16 ||    68
       Tentacles         |     8 |     9 |    14 |    15 ||    46
       Kick              |     7 |     7 |    11 |     1 ||    26
       Punch             |     2 |     1 |     2 |    11 ||    16
 Cast: Beastly Appendage |    17 |     9 |     6 |     1 ||    33
       Spider Form       |       |     6 |    45 |     5 ||    56
       Blade Hands       |       |       |       |     6 ||     6
       Ice Form          |       |       |       |     1 ||     1
Invok: Ancestor Life: He |       |       |     1 |       ||     1
Evoke: Wand              |       |       |     1 |     1 ||     2
  Use: Scroll            |     6 |       |    11 |     2 ||    19
       Potion            |       |     1 |     5 |     1 ||     7
 Stab: Sleeping          |     8 |     2 |     2 |       ||    12
       Distracted        |       |       |     2 |     3 ||     5
       Confused          |       |       |     1 |       ||     1
Armor: Skin              |     3 |     4 |     7 |     6 ||    20
Dodge: Dodged            |    39 |    65 |   272 |   102 ||   478

Table legend: (Time is in decaauts)
 A = Elapsed time spent in this place.
 B = Non-inter-level travel time spent in this place.
 C = Inter-level travel time spent in this place.
 D = Time resting spent in this place.
 E = Time spent auto-exploring this place.
 F = Levels seen in this place.
 G = Mean time per level.
                   A        B        C        D        E       F      G
               +--------+--------+--------+--------+--------+-----+--------+
         Total |  16341 |  15960 |    381 |   2138 |  12219 |  11 | 1485.5 |
       Dungeon |  15823 |  15484 |    339 |   2103 |  11780 |  10 | 1582.3 |
        Temple |    517 |    475 |     42 |     35 |    439 |   1 |  517.0 |
               +--------+--------+--------+--------+--------+-----+--------+

Top non-repeatable levels by time:
     D:9: 2861 daAuts
     D:4: 2401 daAuts
     D:5: 2256 daAuts
     D:3: 1794 daAuts
     D:1: 1486 daAuts
     D:8: 1366 daAuts
     D:7: 1159 daAuts
     D:6: 1059 daAuts
     D:2: 908 daAuts
    D:10: 530 daAuts
  Temple: 517 daAuts
